Back and forth across the crossing

Match 40904695
End
Construct Section Command Post
Infantry Section
Infantry Section
Dingo Light Scout Car
Infantry Section
Construct Platoon Command Post
Humber Armored Car
Humber Armored Car
Vickers Machine Gun Team
6-pounder Anti-tank Gun Team
Royal Engineer Section
Vickers Machine Gun Team
Selects Air and Sea Battlegroup
Selects Supply Surplus
Selects UNKNOWN (223837)
Construct Company Command Post
Foot Guards Section
Selects Assault Flares
Foot Guards Section
Foot Guards Section
Centaur IV Medium Tank
Assault Flares
Assault Flares
Selects Commando Section Paradrop
Selects Commando Support Section Paradrop
*Mule
FeriG
Evelynn
BlueSkidrow™
0
0

Comments sign in to comment!

No comments posted yet!